 Dungeon Crawl Stone Soup version 0.31-a0-237-g2d982f9f85 (webtiles) character file.

Game seed: 11182026546850292809

392 qw the Shooter (level 6, -2/51 HPs)
             Began as a Minotaur Hexslinger on July 10, 2023.
             Slain by a scorpion (4 damage)
             ... on level 4 of the Dungeon.
             The game lasted 00:01:04 (2748 turns).

qw the Shooter (Minotaur Hexslinger)                Turns: 2748, Time: 00:01:04

Health: -2/51      AC:  7    Str: 12    XL:     6   Next: 51%
Magic:  6/6        EV: 12    Int: 10    God:
Gold:   188        SH:  5    Dex: 15    Spells: 6/7 levels left

rFire   . . .        Y - +3 sling
rCold   . . .        (no shield)
rNeg    + . .        j - +2 robe {rN+}
rPois   +            (helmet restricted)
rElec   .            (no cloak)
rCorr   .            (no gloves)
SInv    .            l - +2 pair of boots
Will    .....        m - amulet of reflection
Stlth   +            g - ring of poison resistance
HPRegen 0.28/turn    (no ring)
MPRegen 0.10/turn

%: reflection
@: lethally poisoned (-2 -> -8)
A: horns 2, retaliatory headbutt
a: no special abilities


You were on level 4 of the Dungeon.
You visited 1 branch of the dungeon, and saw 4 of its levels.

You collected 188 gold pieces.


Innate Abilities, Weirdness & Mutations

You have a pair of horns on your head.
You reflexively headbutt those who attack you in melee.


   Skills:
 + Level 3.5 Fighting
 - Level 6.8 Ranged Weapons
 - Level 1.4 Armour
 - Level 2.1 Dodging
 - Level 1.0 Spellcasting
 - Level 2.0 Hexes


You had 6 spell levels left.
You knew the following spells:

 Your Spells              Type           Power      Damage    Failure   Level
a - Slow                  Hex            16%        N/A       16%         1

Your spell library contained the following spells:

 Spells                   Type           Power      Damage    Failure   Level
 Inner Flame              Hex/Fire       2%         N/A       56%         3
 Portal Projectile        Hex/Tloc       4%         N/A       56%         3
 Cause Fear               Hex            2%         N/A       83%         4

Inventory:

Hand Weapons
 Y - a +3 sling (weapon)
Armour
 j - a +2 robe of positive energy (worn)
 l - a +2 pair of boots (worn)
Jewellery
 g - a ring of poison resistance (left hand)
 m - an amulet of reflection (around neck)
Wands
 c - a wand of digging (1)
Scrolls
 h - a scroll of identify
Potions
 a - a potion of haste
 e - 2 potions of enlightenment {unknown}
 f - a potion of brilliance {unknown}
 k - a potion of invisibility {unknown}
 n - a potion of curing {unknown}
 o - a potion of cancellation

Dungeon Overview and Level Annotations

Branches:
Dungeon (4/15)
 Temple: D:4-7

Altars:


Message History

The orc barely misses you. You furiously retaliate!
You headbutt the orc. The orc wizard barely misses you.
The scorpion stings you.
You shoot a sling bullet.
The sling bullet completely misses the orc.
The scorpion stings you but does no damage.
The orc hits you but does no damage. The orc wizard barely misses you.
The scorpion stings you. The scorpion barely misses you.
You shoot a sling bullet.
The sling bullet hits the orc but does no damage.
The orc is moderately wounded.
The orc misses you. You furiously retaliate!
You headbutt the orc!
You kill the orc!
The orc wizard casts a spell.
The orc wizard flickers and vanishes!
Deactivating autopickup; reactivate with Ctrl-A.
The orc wizard hits you with a +0 dagger.
The scorpion stings you.
You are poisoned.
The scorpion poisons you! The scorpion closely misses you.
You shoot a sling bullet. The sling bullet hits the orc wizard.
The orc wizard is moderately wounded.
You feel very sick. The orc closely misses you.
The scorpion closely misses you.
The scorpion stings you but does no damage.
The orc wizard hits you but does no damage.
You shoot a sling bullet. The sling bullet hits the orc wizard!
The orc wizard is almost dead.
You feel very sick. The scorpion closely misses you. You furiously retaliate!
You headbutt the scorpion. The scorpion completely misses you.
The orc hits you but does no damage. The orc wizard casts a spell at you.
The magic dart hits you. The scorpion barely misses you.
The scorpion stings you.
The orc wizard points at you and mumbles some strange words.
You resist with some effort.
You shoot a sling bullet. The sling bullet hits the orc wizard.
You kill the orc wizard!
You feel sick. The scorpion stings you.
You die...

.o.. ....###
##.#...........
?#....o!........ #. ....
..........
##.###..##.#.....#
........>..#.....#
..........#....###
..........{#).....#
.........os@.....##
...........s.......#
......##..%..........
...##.#>..##........#
....................#
##....#.............#.##
....###...##..###.####
#..........#..# ##
###...#####.....###


You could see 2 scorpions and an orc.

Vanquished Creatures
  Sigmund (D:3)
  Jessica (D:2)
  Ijyb (D:3)
  Natasha (twice) (D:2)
  An orc wizard (D:4)
  5 adders (D:2)
  2 worms
  A dart slug (D:2)
  4 orcs (D:4)
  19 ball pythons
  6 bats
  4 endoplasms
  5 giant cockroaches
  3 goblins
  12 hobgoblins
  A quokka (D:2)
  A frilled lizard (D:2)
  4 kobolds (D:1)
  4 rats
77 creatures vanquished.

Notes
Turn   | Place    | Note
-------+----------+-------------------------------------------
     0 | D:1      | qw the Minotaur Hexslinger began the quest for the Orb.
     0 | D:1      | Reached XP level 1. HP: 16/16 MP: 1/1
     0 | D:1      | 0 ||| qw: Version: 0.3-a-52-g30416fa
     0 | D:1      | 0 ||| qw: Game counter: 5041
     0 | D:1      | 0 ||| qw: Melee chars always use a shield: true
     0 | D:1      | 0 ||| qw: God list: Okawaru
     0 | D:1      | 0 ||| qw: Allow faded altars: false
     0 | D:1      | 0 ||| qw: Do Orc after clearing Dungeon:15 true
     0 | D:1      | 0 ||| qw: Do second Lair branch before Depths: true
     0 | D:1      | 0 ||| qw: Lair rune preference: random
     0 | D:1      | 0 ||| qw: Goals: Normal
     0 | D:1      | 0 ||| PLANNING D:1-11
   150 | D:1      | Reached skill level 3 in Ranged Weapons
   150 | D:1      | Reached XP level 2. HP: 23/23 MP: 2/2
   403 | D:1      | 403 ||| FLEEEEING.
   636 | D:1      | 636 ||| UPGRADING to +0 leather armour.
   646 | D:1      | 646 ||| DROPPING +0 robe.
   647 | D:1      | 647 ||| UPGRADING to +0 pair of boots.
   652 | D:1      | 652 ||| UPGRADING to amulet of reflection.
   657 | D:1      | 657 ||| UPGRADING to ring of poison resistance.
   658 | D:1      | 658 ||| READING scroll labelled KAVUKOUHECSE.
   659 | D:1      | 659 ||| READING scroll labelled HUTHEI OLEHOPN.
   660 | D:1      | 660 ||| READING scroll labelled SUIPSU QEON.
   663 | D:1      | 663 ||| READING 2 scrolls labelled JYFEIH KAENLAD.
   664 | D:1      | 664 ||| READING scroll labelled ICROOF UXINA.
   710 | D:1      | 710 ||| READING 2 scrolls labelled EBLEIHE USIBLO.
   711 | D:1      | 711 ||| READING scroll of enchant armour.
   711 | D:1      | 711 ||| ENCHANTING +0 pair of boots.
   712 | D:1      | 712 ||| DROPPING scroll of poison.
   713 | D:1      | 713 ||| DROPPING scroll of immolation.
   742 | D:2      | Reached XP level 3. HP: 29/29 MP: 3/3
   782 | D:2      | You fall into a shaft and drop 2 floors!
   786 | D:4      | 786 ||| FLEEEEING.
   787 | D:4      | 787 ||| STAIRDANCE
   878 | D:3      | Noticed Ijyb
   891 | D:3      | Killed Ijyb
   892 | D:3      | Reached skill level 4 in Ranged Weapons
   892 | D:3      | Reached XP level 4. HP: 27/36 MP: 4/4
   938 | D:3      | 938 ||| READING scroll labelled IVUUSE COALAYT.
  1064 | D:2      | Noticed Natasha
  1070 | D:2      | Killed Natasha
  1071 | D:2      | Reached skill level 5 in Ranged Weapons
  1202 | D:2      | Noticed Jessica
  1214 | D:2      | Killed Jessica
  1215 | D:2      | Reached skill level 3 in Fighting
  1215 | D:2      | Reached XP level 5. HP: 41/45 MP: 5/5
  1786 | D:2      | 1786 ||| UPGRADING to +0 ring mail.
  1796 | D:2      | 1796 ||| DROPPING +0 leather armour.
  1819 | D:2      | Noticed Natasha
  1830 | D:2      | Killed Natasha
  1831 | D:2      | Reached skill level 1 in Armour
  1901 | D:3      | 1901 ||| READING scroll of enchant weapon.
  1901 | D:3      | 1901 ||| ENCHANTING +2 sling.
  2067 | D:3      | Noticed Sigmund
  2087 | D:3      | Killed Sigmund
  2088 | D:3      | Reached skill level 6 in Ranged Weapons
  2088 | D:3      | Reached XP level 6. HP: 46/51 MP: 6/6
  2577 | D:3      | 2577 ||| UPGRADING to +2 robe of positive energy.
  2587 | D:3      | 2587 ||| DROPPING +0 ring mail.
  2588 | D:3      | 2588 ||| READING scroll labelled VIEF FIN CUUHA.
  2589 | D:3      | 2589 ||| DRINKING 2 brown potions.
  2630 | D:3      | 2630 ||| DRINKING 2 metallic grey potions.
  2631 | D:3      | 2631 ||| READING 2 scrolls of identify.
  2631 | D:3      | 2631 ||| IDENTIFYING orange potion
  2632 | D:3      | 2632 ||| DROPPING potion of lignification.
  2698 | D:4      | 2698 ||| READING scroll of enchant armour.
  2698 | D:4      | 2698 ||| ENCHANTING +1 pair of boots.
  2725 | D:4      | 2725 ||| Stepping ~*~*~tactically~*~*~ (outnumbered).
  2727 | D:4      | 2727 ||| Stepping ~*~*~tactically~*~*~ (outnumbered).
  2729 | D:4      | 2729 ||| Stepping ~*~*~tactically~*~*~ (outnumbered).
  2730 | D:4      | 2730 ||| FLEEEEING.
  2731 | D:4      | 2731 ||| Stepping ~*~*~tactically~*~*~ (outnumbered).
  2747 | D:4      | HP: 11/51 [poisoned by a scorpion]
  2747 | D:4      | HP: 3/51 [scorpion (5)]
  2748 | D:4      | Slain by a scorpion

Levels and vault maps discovered:
D:1:      dpeg_arrival_ternary, layout_basic, chequers_serial_rivers_micro_c
D:2:      layout_loops_ring, minmay_shallow_snake_nest, uniq_natasha,
          uniq_jessica
D:3:      layout_basic, minivault_11, chequers_serial_rivers_marsh,
          minmay_crystal_room, uniq_ijyb, uniq_sigmund
D:4:      layout_cave_pools

Skill      XL: |  1  2  3  4  5 |
---------------+----------------+-----
Ranged Weapons | 3 4 5 6 |  6.8
Fighting       | 2 3 |  3.5
Armour         | 1 |  1.4
Dodging        | |  2.1
Spellcasting   | |  1.0
Hexes          | |  2.0

Action                     |  1- 3 |  4- 6 || total
---------------------------+-------+-------++-------
   Fire: Sling             |    90 |   129 ||   219
    Use: Scroll            |     7 |     5 ||    12
         Potion            |       |     2 ||     2
 Armour: Robe              |     6 |    13 ||    19
         Leather armour    |     7 |     7 ||    14
         Ring mail         |       |     4 ||     4
  Dodge: Dodged            |    26 |    58 ||    84
  Block: Other             |     5 |    14 ||    19

Table legend:
 A = Non-vault XP
 B = Vault XP
 C = Vault XP percentage of total XP
 D = Non-vault monster count
 E = Vault monster count
 F = Vault count percentage of total count
                 A         B        C        D         E       F
            +---------+---------+-------+---------+---------+-------
      Total |     232 |     364 |  61.1 |      63 |      14 |  18.2
            +---------+---------+-------+---------+---------+-------
        D:1 |      30 |       0 |   0.0 |      19 |       0 |   0.0
        D:2 |     117 |      97 |  45.3 |      21 |      12 |  36.4
        D:3 |      27 |     267 |  90.8 |      14 |       2 |  12.5
        D:4 |      58 |       0 |   0.0 |       9 |       0 |   0.0
            +---------+---------+-------+---------+---------+-------
